 Dungeon Crawl Stone Soup version 0.28.0-1-gb440e238dd (webtiles) character file.

Game seed: 15205289523901733918

89 Woods the Covered (level 4, 0/40 HPs)
             Began as a Minotaur Fighter on Feb 24, 2022.
             Succumbed to a gnoll's poison
             ... on level 2 of the Dungeon.
             The game lasted 00:01:40 (1464 turns).

Woods the Covered (Minotaur Fighter)                Turns: 1464, Time: 00:01:40

Health: 0/40       AC:  7    Str: 21    XL:     4   Next: 31%
Magic:  3/3        EV:  9    Int:  5    God:
Gold:   77         SH:  4    Dex: 11    Spells: 3/3 levels left

rFire   . . .      SeeInvis .   a - +0 war axe
rCold   . . .      Faith    .   c - +0 buckler
rNeg    . . .      Spirit   .   b - +0 scale mail
rPois   .          Reflect  .   (helmet restricted)
rElec   +          Harm     .   (no cloak)
rCorr   .          Rampage  .   (no gloves)
Will    +....                   (no boots)
Stlth   ..........              (no amulet)
HPRegen 0.13/turn               i - ring of Zatumin {rElec Will+}
MPRegen 0.08/turn               (no ring)

@: lethally poisoned (0 -> -7), hasted, very quick
A: horns 2, retaliatory headbutt
a: no special abilities


You were on level 2 of the Dungeon.
You visited 1 branch of the dungeon, and saw 2 of its levels.

You collected 77 gold pieces.

Inventory:

Hand Weapons
 a - a +0 war axe (weapon)
Armour
 b - a +0 scale mail (worn)
 c - a +0 buckler (worn)
Jewellery
 i - the ring of Zatumin (left hand) {rElec Will+}
   (You found it on level 2 of the Dungeon)

   [ring of willpower]

   rElec:     It insulates you from electricity.
   Will:      It increases your willpower.
Scrolls
 e - 3 scrolls of identify {unknown}
 f - a scroll of silence {unknown}
 g - a scroll of holy word {unknown}
Potions
 d - 2 potions of might
 h - 2 potions of haste


   Skills:
 + Level 3.9 Fighting
 + Level 3.7 Axes
 + Level 4.5 Armour
 + Level 0.8 Dodging
 + Level 0.2 Stealth
 + Level 4.3 Shields


You had 3 spell levels left.
You didn't know any spells.
Your spell library contained the following spells:

 Spells                   Type           Power      Damage    Failure   Level
 Shock                    Conj/Air       0%         1d3       88%         1
 Swiftness                Air            0%         N/A       99%         3
 Airstrike                Air            0%         N/A       100%        4


Dungeon Overview and Level Annotations

Branches:
Dungeon (2/15)

Altars:


Innate Abilities, Weirdness & Mutations

You have a pair of horns on your head.
You reflexively headbutt those who attack you in melee.


Message History

A gnoll is nearby!
A gnoll is nearby!
A gnoll is nearby!
The gnoll shouts!
The gnoll hits you from afar with a +1 spear of venom.
You are poisoned.
You feel sick. The gnoll hits you but does no damage.
You are more poisoned.
You barely miss the gnoll.
You feel very sick. The gnoll closely misses you.
You closely miss the gnoll.
You feel very sick.
The gnoll hits you with a +1 spear of venom.
You are more poisoned.
The gnoll hits you with a +1 spear of venom.
You are lethally poisoned!
You barely miss the gnoll.
You feel extremely sick. The gnoll closely misses you.
You closely miss the gnoll. You headbutt the gnoll!
The gnoll is almost dead.
* * * LOW HITPOINT WARNING * * *
You feel very sick. The gnoll barely misses you. The gnoll closely misses you.
You furiously retaliate!
You headbutt the gnoll, but do no damage.
You slash the gnoll!
You kill the gnoll!
* * * LOW HITPOINT WARNING * * *
You feel very sick.
Unknown command.
It was a potion of haste.
You feel yourself speed up.
* * * LOW HITPOINT WARNING * * *
You feel sick.
i - the ring of Zatumin (left hand) {rElec Will+}
* * * LOW HITPOINT WARNING * * *
You feel sick.
There is a lethal amount of poison in your body!
You die...

.......(.......#......#
..#####........#......#
....###.......(.......#
..#..##...............#
#)...##.........)...$.#
..#..##........#......#
<.#..##....$?..#......#
...............#......#
.......######.##@.....#
#...รท..# #..)#######
.......## ###.
##......### #.
####......# #. #
###..#.### #. #
####......###..
#..............
###..............


There were no monsters in sight!

Vanquished Creatures
  3 gnolls
  An adder (D:2)
  A worm (D:2)
  A dart slug (D:1)
  A ball python (D:1)
  5 endoplasms
  2 giant cockroaches
  4 goblins
  3 hobgoblins (D:1)
  8 jackals
  6 bats
  5 frilled lizards
  2 kobolds
42 creatures vanquished.

Notes
Turn   | Place    | Note
-------+----------+-------------------------------------------
     0 | D:1      | Woods the Minotaur Fighter began the quest for the Orb.
     0 | D:1      | Reached XP level 1. HP: 19/19 MP: 0/0
   317 | D:1      | Reached XP level 2. HP: 27/27 MP: 1/1
   865 | D:2      | Reached XP level 3. HP: 33/33 MP: 2/2
   880 | D:2      | Identified the ring of Zatumin {rElec Will+}
  1198 | D:2      | Found a faded altar of an unknown god.
  1343 | D:2      | Reached XP level 4. HP: 40/40 MP: 3/3
  1462 | D:2      | HP: 2/40 [poisoned by a gnoll]
  1464 | D:2      | Succumbed to a gnoll's poison

Illustrated notes

Levels and vault maps discovered:
D:1:      beargit_arrival_greenhouse, layout_loops_cross
D:2:      layout_rooms, shapermc_ecumenical_altar_totnotflames

Skill      XL: |  1  2  3 |
---------------+----------+-----
Shields        | 4 |  4.3
Armour         | 4 |  4.5
Axes           | 3 |  3.7
Fighting       | |  3.9
Dodging        | |  0.8
Stealth        | |  0.2

Action                   |  1- 3 |  4- 6 || total
-------------------------+-------+-------++-------
Melee: War axe           |    75 |    14 ||    89
       Headbutt          |     6 |     2 ||     8
  Use: Potion            |       |     1 ||     1
Armor: Scale mail        |    47 |     4 ||    51
Dodge: Dodged            |    46 |     8 ||    54
Block: Buckler           |    18 |       ||    18
